 Dungeon Crawl Stone Soup version 0.29-a0-275-g389c0b56f3 (webtiles) character file.

Game seed: 3245977595554857944

13638 spaghetti the Nimble (level 12, -13/103 HPs)
             Began as a Naga Fighter on Mar 11, 2022.
             Was a High Priest of Cheibriados.
             Killed from afar by a shock serpent (shapeshifter) (23 damage)
             ... with a bolt of electricity
             ... on level 12 of the Dungeon.
             The game lasted 00:24:02 (16756 turns).

spaghetti the Nimble (Naga Fighter)                Turns: 16756, Time: 00:24:02

Health: -13/103    AC: 10    Str: 32    XL:     12   Next: 8%
Magic:  12/12      EV: 23    Int: 26    God:    Cheibriados [*****.]
Gold:   789        SH:  0    Dex: 33    Spells: 11/11 levels left

rFire   . . .      SeeInvis +   w - +2 demon whip (venom) {mace}
rCold   . . .      Faith    .   c - +0 buckler
rNeg    . . .      Spirit   .   G - +0 steam dragon scales
rPois   +          Reflect  .   (no helmet)
rElec   .          Harm     .   u - +1 cloak
rCorr   .          Rampage  .   j - +0 pair of gloves
Will    +....                   (no barding)
Stlth   +.........              (no amulet)
HPRegen 0.27/turn               o - +6 ring of dexterity
MPRegen 0.13/turn               C - +6 ring of intelligence

@: confused, ambrosia-drunk, slowed, very slow
A: AC +4, large, see invisible, deformed body, poison resistance, slowness 2,
spit poison 1, naga tail 1
a: Spit Poison, Renounce Religion, Bend Time, Temporal Distortion, Slouch, Step
From Time


You were on level 12 of the Dungeon.
You worshipped Cheibriados.
Cheibriados was extremely pleased with you.
You visited 2 branches of the dungeon, and saw 13 of its levels.

You collected 789 gold pieces.


Innate Abilities, Weirdness & Mutations

Your serpentine skin is tough. (AC +4)
You have supernaturally acute eyesight. (SInv)
Armour fits poorly on your strangely shaped body.
Your system is resistant to poisons. (rPois)
You cover ground very slowly.
You can spit poison.
You have a snake-like lower body.


   Skills:
 - Level 5.2 Fighting
 - Level 2.0 Long Blades
 + Level 11.6 Maces & Flails
 - Level 2.4 Armour
 - Level 11.9 Dodging
 - Level 3.9 Shields


You had 11 spell levels left.
You didn't know any spells.
Your spell library contained the following spells:

 Spells                   Type           Power      Damage    Failure   Level
 Pain                     Necr           0%         1d4       16%         1
 Ensorcelled Hibernation  Hex/Ice        0%         N/A       24%         2
 Scorch                   Fire           0%         2d5       24%         2
 Dazzling Flash           Conj/Hex       0%         N/A       43%         3
 Spider Form              Tmut/Pois      0%         N/A       43%         3
 Anguish                  Hex/Necr       0%         N/A       83%         4
 Flame Wave               Conj/Fire      0%         2d4       83%         4
 Iskenderun's Mystic Bla  Conj/Tloc      0%         2d3       83%         4
 Agony                    Necr           0%         N/A       99%         5
 Excruciating Wounds      Necr           0%         N/A       99%         5
 Starburst                Conj/Fire      0%         6d3       100%        6
 Summon Cactus Giant      Summ           0%         N/A       100%        6

Inventory:

Hand Weapons
 w - a +2 demon whip of venom (weapon) {mace}
   (You took it off Amaemon on level 8 of the Dungeon)
Missiles
 e - 233 stones (quivered) {throwing}
 p - 38 poisoned darts {throwing}
 z - 2 javelins {throwing}
 M - 3 curare-tipped darts {=fthrowing}
Armour
 b - a +0 scale mail
 c - a +0 buckler (worn)
 j - a +0 pair of gloves (worn)
   (You found it on level 1 of the Dungeon)
 u - a +1 cloak (worn)
   (You took it off Crazy Yiuf on level 3 of the Dungeon)
 G - +0 steam dragon scales (worn)
   (You took it off Maggie on level 6 of the Dungeon)
Magical Staves
 g - a staff of conjuration {!a@e2staff}
   (You found it on level 7 of the Dungeon)
 v - a staff of cold {!astaff}
   (You found it on level 4 of the Dungeon)
Jewellery
 o - a +6 ring of dexterity (left hand)
   (You found it on level 3 of the Dungeon)
 x - a ring of flight
   (You found it on level 4 of the Dungeon)
 C - a +6 ring of intelligence (right hand)
   (You found it on level 10 of the Dungeon)
 K - a ring of see invisible
   (You found it on level 6 of the Dungeon)
Wands
 a - a wand of iceblast (4)
   (You found it on level 9 of the Dungeon)
 m - a wand of mindburst (33)
   (You found it on level 2 of the Dungeon)
 n - a wand of flame (61)
   (You found it on level 3 of the Dungeon)
 t - a wand of digging (1)
   (You found it on level 3 of the Dungeon)
 B - a wand of paralysis (10)
   (You found it on level 6 of the Dungeon)
 E - a wand of polymorph (8)
   (You took it off Maggie on level 6 of the Dungeon)
Scrolls
 d - a scroll of identify {@r1}
 l - 3 scrolls of immolation {!r!r}
 s - 2 scrolls of magic mapping {!r}
 y - 2 scrolls of enchant weapon
 D - a scroll of enchant armour
 J - a scroll of amnesia
Potions
 f - 2 potions of attraction {!q}
 h - a potion of resistance
 i - a potion of ambrosia
 q - 5 potions of brilliance
 r - a potion of flight
 A - 2 potions of mutation {!q}
 H - 3 potions of haste {forbidden@q3}
Miscellaneous
 F - a phantom mirror
   (You found it on level 11 of the Dungeon)

Dungeon Overview and Level Annotations

Branches:
Dungeon (12/15)            Temple (1/1) D:5            Lair (0/6) D:9
    Orc: D:9-12

Altars:
Ashenzari
Cheibriados
Dithmenos
Fedhas
Gozag
Hepliaklqana
Kikubaaqudgha
Makhleb
Nemelex Xobeh
Okawaru
Qazlal
Ru
Sif Muna
Trog
Uskayaw
Vehumet
Xom
Yredelemnul
Zin
The Shining One
Lugonu

Shops:
D:1 (   D:9 =

Annotations:
D:8 exclusions: door, electric eel and orc wizard
D:9 1 runed translucent door, Harold; WaxSun's ghost, novice HuHu
D:10 exclusions: orc knight and 1 more exclusion
D:11 1 runed translucent door, Juanuowkyh's ghost, journeyman FoAK

# ........# # #.......# #
#.......# + #..$....# #
#.*.....# # . #.......#
#..>..# #####.?.....#
......# ..#.@Q......#
......# ..#.S.......#
......# #...'.........#
......# +...#.........#
......######'##.........#
....................#####
............°.......#
...........°..(.....#
..†............(....#


You could see a shock serpent shaped shifter (extremely poisoned), a tengu
conjurer and a battlesphere.


Message History

You barely miss the tengu conjurer. The faun hits you but does no damage.
The tengu conjurer hits you.
* * * LOW HITPOINT WARNING * * *
The tengu conjurer misses you.
The tengu conjurer completely misses you.
The tengu conjurer misses you. The tengu conjurer pecks you.
* * * LOW HITPOINT WARNING * * *
You block the tengu conjurer's attack. 😨 HP[-4]
You take 4 damage, and now have 44/103 hp.
Unknown command.
You miss the tengu conjurer. You whack the tengu conjurer!
The tengu conjurer closely misses you. x2
The tengu conjurer misses you. The faun misses you.
The tengu conjurer mumbles some strange words.
The tengu conjurer conjures a globe of magical energy!
A battlesphere comes into view.
You thrash the tengu conjurer!!
You kill the tengu conjurer!
Cheibriados appreciates the change of pace.
You block the faun's attack. The tengu conjurer closely misses you.
The tengu conjurer completely misses you.
You block the tengu conjurer's attack.
Magic scrolls do not work when you're silenced!
You are confused.
You feel invigorated. The faun closely misses you.
The tengu conjurer casts a spell at you.
The bolt of lightning hits you!
* * * LOW HITPOINT WARNING * * *
😨 HP[-7]
You take 7 damage, and now have 37/103 hp.
Unknown command.
You hit the tengu conjurer. The faun completely misses you.
The tengu conjurer barely misses you.
The tengu conjurer pecks you but does no damage.
The tengu conjurer closely misses you. 😨 HP[+3]
You regained 3 hp, and now have 40/103 hp.
The tengu conjurer attacks as you move away!
The tengu conjurer hits you but does no damage.
The tengu conjurer barely misses you. The tengu conjurer closely misses you.
Your hearing returns.
The faun barely misses you.
The tengu conjurer gestures at you while chanting.
The bolt of lightning misses you. x2; The faun closely misses you.
The faun barely misses you. The tengu conjurer hits you.
The tengu conjurer closely misses you.
The tengu conjurer completely misses you.
The tengu conjurer barely misses you.
The tengu conjurer pecks you but does no damage.
The tengu conjurer misses you. The faun misses you. 😮 HP[+16]
You regained 16 hp, and now have 56/103 hp.
You bump into the rock wall.
The tengu conjurer hits you but does no damage.
The tengu conjurer pecks you but does no damage.
The tengu conjurer closely misses you. The faun hits you!
The tengu conjurer hits you but does no damage.
The tengu conjurer misses you.
The tengu conjurer claws you but does no damage.
The faun barely misses you. 😮 HP[-3]
You take 3 damage, and now have 53/103 hp.
You miss the faun.
You feel less invigorated.
You feel less confused.
The faun changes into a shock serpent!
The tengu conjurer closely misses you.
The tengu conjurer misses you. x2 😮 HP[+4]
You regained 4 hp, and now have 57/103 hp.
You whack the shock serpent!
The shock serpent is poisoned.
The shock serpent's electric aura discharges, shocking you!
* * * LOW HITPOINT WARNING * * *
The shock serpent bites you.
* * * LOW HITPOINT WARNING * * *
The shock serpent shocks you!
* * * LOW HITPOINT WARNING * * *
You block the tengu conjurer's attack. The tengu conjurer barely misses you.
The tengu conjurer misses you. 😨 HP[-24]
You take 24 damage, and now have 33/103 hp.
MASSIVE DAMAGE!! (PAUSE)
You whack the shock serpent!
The shock serpent looks as sick as possible!
The shock serpent's electric aura discharges, shocking you!
* * * LOW HITPOINT WARNING * * *
You block the shock serpent's attack. x2
You block the tengu conjurer's attack. The tengu conjurer pecks you.
* * * LOW HITPOINT WARNING * * *
The tengu conjurer misses you. 😨 HP[-7]
You take 7 damage, and now have 26/103 hp.
Unknown command.
Unknown command.
You are confused.
You feel invigorated.
The shock serpent shoots out a bolt of lightning at you!
The bolt of electricity hits you!!
* * * LOW HITPOINT WARNING * * *
The bolt of electricity hits you!!
You die...

Skill      XL: |  1  2  3  4  5  6  7  8  9 10 11 |
---------------+----------------------------------+-----
Dodging        | 1 2 3 4 5 7 9 11 | 11.9
Shields        | 3 |  3.9
Fighting       | 5 |  5.2
Maces & Flails | 5 11 | 11.6
Long Blades    | |  2.0
Armour         | |  2.4

Action                   |  1- 3 |  4- 6 |  7- 9 | 10-12 || total
-------------------------+-------+-------+-------+-------++-------
Melee: Long sword        |    28 |       |       |       ||    28
       Whip              |    53 |   229 |   302 |   141 ||   725
       Demon whip        |       |       |       |   344 ||   344
Throw: Stone             |    58 |   146 |    78 |   171 ||   453
Invok: Bend Time         |       |       |       |     4 ||     4
 Abil: Spit Poison       |     6 |     3 |     2 |     1 ||    12
Evoke: Wand              |       |       |     2 |     6 ||     8
  Use: Potion            |     1 |     1 |     4 |     9 ||    15
       Scroll            |     1 |    11 |     6 |     5 ||    23
 Stab: Paralysed         |       |       |     4 |       ||     4
Armor: Scale mail        |    52 |    72 |    34 |       ||   158
       Steam dragon scal |       |       |    30 |    69 ||    99
Dodge: Dodged            |    29 |    82 |   213 |   414 ||   738
Block: Buckler           |    12 |    52 |    85 |   168 ||   317

Levels and vault maps discovered:
D:1:      dpeg_arrival_round_c, layout_loops_ring, serial_shops,
          nicolae_shop_bloodbath_and_beyond, shapermc_ecumenical_altar_gd
D:2:      minmay_kobold_bridge, layout_loops_corners, basic_altar,
          minmay_hexomino_f4
D:3:      layout_basic, pdpol_temple_overflow_zin_treasury_gozag_greed,
          uniq_crazy_yiuf_cottage
D:4:      layout_loops_ring, grunt_temple_overflow_growth_and_decay,
          general_overflow_altar, minmay_bisected
D:5:      cheibrodos_barr_body, layout_loops_ring, temple_hall, uniq_duvessa
D:6:      layout_layer_cave, mainiacjoe_overflow_chevrons, uniq_maggie
D:7:      wander_river, layout_loops_cross, kennysheep_little_box,
          gammafunk_temple_overflow_claw, uniq_pikel
D:8:      layout_loops_ring, led_sif_book, st_stairs_8,
          kennysheep_big_empty_room, uniq_amaemon
D:9:      layout_cross, mainiacjoe_overflow_surrounded_room, elyvilon_altar_3,
          erik_lair_orcish_takeover, serial_shops, shop_fountains,
          ebering_ghost_funeral_grove, corexii_leaking_fountain, uniq_grum,
          uniq_harold
D:10:     layout_loops_ring, nemelex_xobeh_ov_fountains_minmay,
          minmay_misc_feat_encased, minmay_checkerbox
D:11:     layout_layer_cave, david_orc_3, ebering_ghost_xom,
          kennysheep_nondescript, kiku_gazebo_garden_becter
D:12:     minmay_the_grid_triangle_9x9_recursive_2
          [minmay_the_grid_triangle_9x9_prize_insulated,
          minmay_the_grid_triangle_9x9_windchime,
          minmay_the_grid_triangle_9x9_steps,
          minmay_the_grid_triangle_9x9_swiss_cheese], layout_gridville,
          serial_shops, shop, minivault_23, wad_floor_pattern_untrapped
Temple:   corrupted_temple

Notes
Turn   | Place    | Note
-------+----------+-------------------------------------------
     0 | D:1      | spaghetti the Naga Fighter began the quest for the Orb.
     0 | D:1      | Reached XP level 1. HP: 21/21 MP: 1/1
     0 | D:1      | magus.rc [v1.9.6]
   197 | D:1      | Reached skill level 1 in Dodging
   200 | D:1      | Reached XP level 2. HP: 28/28 MP: 2/2
   268 | D:1      | Found Capsovul's Weapon Emporium.
   596 | D:1      | Reached skill level 2 in Dodging
   700 | D:1      | Reached XP level 3. HP: 34/34 MP: 3/3
   714 | D:1      | Found a faded altar of an unknown god.
  1333 | D:2      | Reached XP level 4. HP: 22/42 MP: 4/4
  1665 | D:2      | Reached skill level 3 in Dodging
  1715 | D:2      | Found a hide-covered altar of Uskayaw.
  2531 | D:3      | Reached XP level 5. HP: 49/49 MP: 5/5
  2965 | D:3      | Reached skill level 4 in Dodging
  3283 | D:3      | Found a runed translucent door.
  3284 | D:3      | Noticed Crazy Yiuf
  3303 | D:3      | Found an opulent altar of Gozag.
  3411 | D:3      | Found a glowing silver altar of Zin.
  3851 | D:3      | Killed Crazy Yiuf
  3976 | D:4      | Reached XP level 6. HP: 30/56 MP: 6/6
  4266 | D:4      | Reached skill level 5 in Dodging
  4328 | D:4      | You pick up a book of Scorching and begin reading...
  4328 | D:4      | You add the spells Scorch, Flame Wave and Summon Cactus
                  | Giant to your library.
  4366 | D:4      | Found a glowing golden altar of the Shining One.
  4978 | D:4      | Found an ancient bone altar of Kikubaaqudgha.
  4978 | D:4      | Found a blossoming altar of Fedhas.
  5026 | D:4      | Gained mutation: You tend to lose your temper in combat.
                  | [potion of mutation]
  5026 | D:4      | Lost mutation: You tend to lose your temper in combat.
                  | [potion of mutation]
  5085 | D:5      | Entered Level 5 of the Dungeon
  5085 | D:5      | Noticed a black bear
  5097 | D:5      | Killed a black bear
  5098 | D:5      | Reached XP level 7. HP: 52/62 MP: 7/7
  5168 | D:5      | Reached skill level 6 in Dodging
  5284 | D:5      | Found a staircase to the Ecumenical Temple.
  5300 | Temple   | Entered the Ecumenical Temple
  5329 | Temple   | Became a worshipper of Cheibriados the Contemplative
  5459 | D:5      | Noticed Dowan
  5460 | D:5      | Noticed Duvessa
  5473 | D:5      | Killed Duvessa
  5480 | D:5      | Killed Dowan
  5654 | D:5      | Reached skill level 7 in Dodging
  5658 | D:5      | Reached XP level 8. HP: 57/69 MP: 8/8
  5995 | D:5      | Reached * piety under Cheibriados
  6129 | D:5      | Reached skill level 8 in Dodging
  6259 | D:5      | Noticed a kobold demonologist
  6274 | D:5      | Noticed a red devil
  6274 | D:5      | Killed a kobold demonologist
  6465 | D:5      | Reached skill level 9 in Dodging
  6484 | D:5      | Reached XP level 9. HP: 53/75 MP: 9/9
  6824 | D:6      | Reached ** piety under Cheibriados
  6898 | D:6      | Found an iron altar of Okawaru.
  7137 | D:6      | Noticed Maggie
  7152 | D:6      | Killed Maggie
  7386 | D:6      | magus.rc [v1.9.6]
  7392 | D:6      | Reached skill level 10 in Dodging
  7741 | D:6      | magus.rc [v1.9.6]
  7887 | D:7      | Noticed a four-headed hydra
  8733 | D:7      | Found a hide-covered altar of Uskayaw.
  8733 | D:7      | Found a sacrificial altar of Ru.
  8733 | D:7      | Found a broken altar of Ashenzari.
  8851 | D:7      | Reached skill level 11 in Dodging
  8976 | D:7      | Noticed Pikel
  8995 | D:7      | Killed Pikel
  8996 | D:7      | Reached XP level 10. HP: 58/84 MP: 10/10
  9247 | D:7      | You pick up a book of Spectacle and begin reading...
  9247 | D:7      | You add the spells Dazzling Flash, Iskenderun's Mystic
                  | Blast and Starburst to your library.
  9365 | D:7      | Found a basalt altar of Yredelemnul.
  9729 | D:8      | Reached skill level 3 in Shields
  9926 | D:7      | Reached *** piety under Cheibriados
 10954 | D:8      | Noticed Amaemon
 10956 | D:8      | Noticed an orange demon
 10977 | D:8      | HP: 17/76 [Amaemon/+2 demon whip of venom (6)]
 10984 | D:8      | Killed Amaemon
 10985 | D:8      | Reached skill level 4 in Fighting
 10987 | D:8      | HP: 21/87 [orange demon[Amaemon] (2)]
 10989 | D:8      | Killed an orange demon
 10990 | D:8      | Reached skill level 5 in Fighting
 11300 | D:8      | Found a shimmering blue altar of Sif Muna.
 11589 | D:9      | Found a staircase to the Lair.
 11590 | D:9      | Noticed Harold
 11602 | D:8      | Reached skill level 1 in Maces & Flails
 11993 | D:9      | Reached skill level 2 in Maces & Flails
 12118 | D:9      | Reached **** piety under Cheibriados
 12287 | D:9      | Reached skill level 3 in Maces & Flails
 12473 | D:9      | Reached skill level 4 in Maces & Flails
 12690 | D:9      | Found a runed translucent door.
 12692 | D:9      | Identified the +7 trident "Diofiva" {drain, Fly rPois Str-2
                  | Dex-2}
 12692 | D:9      | Noticed WaxSun's ghost (novice HuHu)
 12802 | D:10     | Entered Level 10 of the Dungeon
 12808 | D:10     | Reached skill level 5 in Maces & Flails
 12847 | D:10     | Reached XP level 11. HP: 89/96 MP: 11/11
 13285 | D:10     | Found a sparkling altar of Nemelex Xobeh.
 13358 | D:10     | Reached skill level 6 in Maces & Flails
 13421 | D:10     | Noticed an orc knight
 13467 | D:10     | Identified the +4 plate armour of the Accordion {Harm}
 13467 | D:10     | Noticed an orc knight
 13483 | D:10     | HP: 23/96 [orc knight/+0 dire flail (35)]
 13485 | D:10     | Killed an orc knight
 13486 | D:10     | Reached skill level 7 in Maces & Flails
 13486 | D:10     | HP: 10/144 [tengu conjurer/bolt of lightning (12)]
 13491 | D:10     | HP: 4/144 [unseen horror (9)]
 13666 | D:9      | Found Ynkely's Jewellery Emporium.
 13812 | D:10     | Reached ***** piety under Cheibriados
 13829 | D:10     | Killed an orc knight
 13830 | D:10     | Reached skill level 8 in Maces & Flails
 14081 | D:10     | You pick up a book of Pain and begin reading...
 14081 | D:10     | You add the spells Pain, Agony and Excruciating Wounds to
                  | your library.
 14083 | D:10     | Noticed a two-headed ogre
 14094 | D:10     | Killed a two-headed ogre
 14545 | D:11     | Found an ancient bone altar of Kikubaaqudgha.
 14673 | D:11     | Reached skill level 9 in Maces & Flails
 14831 | D:11     | Found a runed translucent door.
 14831 | D:11     | Found a shimmering altar of Xom.
 14831 | D:11     | Noticed a +6 mace of chaos
 14831 | D:11     | Noticed Juanuowkyh's ghost (journeyman FoAK)
 14971 | D:11     | You fall into a shaft and drop 1 floor!
 15196 | D:12     | Noticed a red ugly thing
 15206 | D:12     | Killed a red ugly thing
 15212 | D:12     | Reached skill level 10 in Maces & Flails
 15213 | D:12     | Noticed a two-headed ogre
 15227 | D:12     | Killed a two-headed ogre
 15466 | D:12     | Noticed a manticore
 15473 | D:12     | Killed a manticore
 15564 | D:12     | You pick up a book of Dreams and begin reading...
 15564 | D:12     | You add the spells Ensorcelled Hibernation, Spider Form and
                  | Anguish to your library.
 15604 | D:12     | Reached skill level 11 in Maces & Flails
 15750 | D:12     | Noticed a cyclops
 15768 | D:12     | Killed a cyclops
 15769 | D:12     | Reached XP level 12. HP: 79/103 MP: 12/12
 15875 | D:12     | Noticed a centaur warrior
 15998 | D:12     | HP: 25/103 [efreet/fireball (25)]
 16753 | D:12     | Noticed a shock serpent
 16753 | D:12     | a faun changed into a shock serpent
 16756 | D:12     | HP: 10/103 [shock serpent (shapeshifter)/bolt of
                  | electricity (21)]
 16756 | D:12     | Killed from afar by a shock serpent (shapeshifter)

Vanquished Creatures
  2 two-headed ogres
  Amaemon (D:8)
  2 orc knights (D:10)
  An ugly thing (D:12)
  Pikel (D:7)
  A manticore (D:12)
  A cyclops (D:12)
  2 gargoyles
  An unseen horror (D:10)
  An orange demon (D:8)
  Maggie (D:6)
  2 kobold demonologists
  An efreet (D:12)
  2 tengu conjurers
  A troll (D:12)
  3 shadows
  A wraith (D:9)
  2 wyverns
  2 vampire mosquitoes (D:12)
  A yak (D:10)
  A steam dragon (D:7)
  A basilisk (D:12)
  2 wargs
  5 water moccasins
  Duvessa (D:5)
  3 black bears
  5 orc warriors
  An ice beast (D:7)
  5 centaurs
  2 phantoms (D:5)
  9 kobold brigands
  3 bullfrogs
  2 necrophages
  3 scorpions (D:5)
  14 wights
  Dowan (D:5)
  A jelly (D:7)
  Crazy Yiuf (D:3)
  8 orc priests
  A gnoll shaman (D:5)
  2 hounds
  3 iguanas (D:5)
  8 orc wizards
  12 adders
  9 gnolls
  3 white imps
  2 ufetubi
  2 worms
  A dart slug (D:1)
  32 orcs
  5 ball pythons
  9 endoplasms
  6 giant cockroaches
  8 goblins
  14 hobgoblins
  5 quokkas
  9 bats
  4 frilled lizards
  42 kobolds
  6 rats
280 creatures vanquished.

Vanquished Creatures (others)
  2 orcs (D:7)
  A kobold (D:8)
  A demonic plant (D:1)
  A fungus (D:9)
  6 plants
11 creatures vanquished.

Grand Total: 291 creatures vanquished

Table legend:
 A = Non-vault XP
 B = Vault XP
 C = Vault XP percentage of total XP
 D = Non-vault monster count
 E = Vault monster count
 F = Vault count percentage of total count
                 A         B        C        D         E       F
            +---------+---------+-------+---------+---------+-------
      Total |   10197 |    9287 |  47.7 |     230 |      51 |  18.1
            +---------+---------+-------+---------+---------+-------
        D:1 |      52 |       0 |   0.0 |      22 |       0 |   0.0
        D:2 |      94 |       9 |   8.7 |      27 |       8 |  22.9
        D:3 |      96 |      41 |  29.9 |      21 |       1 |   4.5
        D:4 |     233 |      14 |   5.7 |      22 |       3 |  12.0
        D:5 |     979 |     879 |  47.3 |      21 |      13 |  38.2
        D:6 |     703 |     385 |  35.4 |      14 |       1 |   6.7
        D:7 |    1052 |     559 |  34.7 |      21 |       1 |   4.5
        D:8 |     968 |    1406 |  59.2 |      24 |       4 |  14.3
        D:9 |    1051 |     387 |  26.9 |      19 |       6 |  24.0
       D:10 |    2453 |    1953 |  44.3 |      21 |       4 |  16.0
       D:11 |     727 |       0 |   0.0 |       8 |       0 |   0.0
       D:12 |    1789 |    3654 |  67.1 |      10 |      10 |  50.0
            +---------+---------+-------+---------+---------+-------

Illustrated notes

Table legend:
 A = Kills in this place as a percentage of kills in entire the game.
 B = Kills by you in this place as a percentage of kills by you in the entire game.
 C = Kills by friends in this place as a percentage of kills by friends in the entire game.
 D = Other kills in this place as a percentage of other kills in the entire game.
 E = Experience gained in this place as a percentage of experience gained in the entire game.
 F = Experience gained in this place divided by the number of levels of this place that you have seen.
                   A       B       C       D       E      F
               +-------+-------+-------+-------+-------+----------------------
         Total | 100.0 | 100.0 |   N/A | 100.0 | 100.0 | 1498.8
       Dungeon | 100.0 | 100.0 |   N/A | 100.0 | 100.0 | 1623.7
               +-------+-------+-------+-------+-------+----------------------

Table legend: (Time is in decaauts)
 A = Elapsed time spent in this place.
 B = Non-inter-level travel time spent in this place.
 C = Inter-level travel time spent in this place.
 D = Time resting spent in this place.
 E = Time spent auto-exploring this place.
 F = Levels seen in this place.
 G = Mean time per level.
                   A        B        C        D        E       F      G
               +--------+--------+--------+--------+--------+-----+--------+
         Total |  23406 |  22635 |    771 |   4441 |  15155 |  13 | 1800.5 |
       Dungeon |  23340 |  22607 |    733 |   4441 |  15131 |  12 | 1945.0 |
        Temple |     66 |     28 |     38 |      0 |     23 |   1 |   66.0 |
               +--------+--------+--------+--------+--------+-----+--------+

Top non-repeatable levels by time:
     D:8: 3250 daAuts
    D:10: 2557 daAuts
     D:7: 2458 daAuts
     D:6: 2396 daAuts
     D:5: 2179 daAuts
    D:12: 2124 daAuts
     D:3: 1882 daAuts
     D:2: 1654 daAuts
     D:1: 1437 daAuts
     D:4: 1397 daAuts
     D:9: 1000 daAuts
    D:11: 1000 daAuts
  Temple: 66 daAuts
